 Dungeon Crawl Stone Soup version 0.25-a0-166-g16436c4 (webtiles) character file.

Game seed: 11881333249801192704, levelgen mode: deterministic

1199 CanOfBees the Ruffian (level 8, 0/70 HPs)
             Began as a Ghoul Monk on Nov 24, 2019.
             Killed by divine providence
             ... invoked by an orc priest
              (12 damage)
             ... on level 4 of the Dungeon.
             The game lasted 00:11:09 (5275 turns).

CanOfBees the Ruffian (Ghoul Monk)                  Turns: 5275, Time: 00:11:10

Health: 0/70       AC:  9    Str: 17    XL:     8   Next: 44%
Magic:  7/7        EV: 11    Int:  5    God:
Gold:   179        SH:  0    Dex: 11    Spells: 7/7 levels left

rFire    . . .     SeeInvis .     - Unarmed
rCold    + . .     Gourm    .   (no shield)
rNeg     + + +     Faith    .   E - +0 scale mail
rPois    ∞         Spirit   .   q - +2 hat
rElec    .         Reflect  .   i - scarf {repulsion}
rCorr    +         Harm     .   (no gloves)
MR       .....                  x - +0 pair of boots
Stlth    +.........             v - amulet of regeneration
HPRegen  0.00/turn              u - ring of resist corrosion
MPRegen  0.10/turn              A - ring of stealth

@: rotting, repel missiles
A: rotting body, claws 1, carnivore, cold resistance 1, negative energy
resistance 3, inhibited regeneration, torment resistance, unbreathing
a: no special abilities


You were on level 4 of the Dungeon.
You were not hungry.

You visited 2 branches of the dungeon, and saw 6 of its levels.

You collected 179 gold pieces.

Inventory:

Hand Weapons
 z - a +2 whip of flaming
Missiles
 e - 15 sling bullets
 f - 138 stones
 h - 41 bolts
 p - 6 boomerangs (quivered)
 s - a throwing net
 y - 35 arrows
Armour
 a - a +1 robe
 i - a scarf of repulsion (worn)
 q - a +2 hat (worn)
 x - a +0 pair of boots (worn)
 D - a +0 chain mail
 E - a +0 scale mail (worn)
Jewellery
 u - a ring of resist corrosion (left claw)
 v - an amulet of regeneration (around neck)
 A - a ring of stealth (right claw)
 C - an uncursed ring of ice {unknown}
Wands
 k - a wand of digging (5)
Scrolls
 g - 2 scrolls of magic mapping
 j - a scroll of immolation
 n - 2 scrolls of remove curse
 o - a scroll of blinking {unknown}
 r - a scroll of enchant armour
 t - a scroll of teleportation
 w - a scroll of enchant weapon {unknown}
 B - a scroll of amnesia {unknown}
Potions
 c - 3 potions of haste
 d - a potion of flight
 l - a potion of curing
Comestibles
 b - 10 rations
 m - 2 chunks of flesh


   Skills:
 + Level 6.3 Fighting
 + Level 4.2 Throwing
 + Level 2.3 Armour
 - Level 4.4 Dodging
 - Level 2.1 Stealth
 + Level 6.3 Unarmed Combat


You had 7 spell levels left.
You didn't know any spells.
Your spell library was empty.

Dungeon Overview and Level Annotations

Branches:
Dungeon (5/15)             Temple (1/1) D:4

Altars:
Ashenzari
Cheibriados
Fedhas
Hepliaklqana
Kikubaaqudgha
Makhleb
Nemelex Xobeh
Qazlal
Ru
Sif Muna
Trog
Uskayaw
Vehumet
Wu Jian
Xom
Zin
The Shining One

Annotations:
D:5 Ijyb, Menkaure


Innate Abilities, Weirdness & Mutations

Your body is rotting away.
You thrive on raw meat.
You are immune to poison.
You have sharp fingernails.
You are carnivorous and can eat meat at any time.
Your flesh is cold resistant. (rC+)
You are immune to negative energy. (rN+++)
You do not regenerate when monsters are visible.
You are immune to unholy pain and torment.
You can survive without breathing.


Message History

You scratch the centaur.
The centaur is heavily wounded.
The centaur hits you but does no damage.
The centaur hits you.
You claw the centaur!
You kill the centaur!
The orc priest calls down the wrath of Beogh upon you.
Beogh smites you!
* * * LOW HITPOINT WARNING * * *
The orc priest closely misses you.
Things that are here:
a +0 shortbow; 9 arrows You scratch the orc priest but do no damage.
The orc priest hits you but does no damage.
You barely miss the orc priest. The orc priest closely misses you.
You scratch the orc priest.
The orc priest is moderately wounded.
The orc priest invokes the aid of Beogh against you.
Beogh smites you!
You die...

#.#####'.####.#
#.........##..#
######
#.........##.##
.....#
####..........#g#
.....#
#......#......#.#
.....#
#......#...##.#S#
.....#
#.....###...#.#Z#
.....#
##....o.......#.#
.÷...##
#...#@....#...#.#
......#
#.###..>..###.#.#
##....#
#...#.....#.....#
......#
#..............##
......####
#.#...###.).#.##
......'..#
#.##...#.)[.#.#
......##.#
#......#..>.#.#
......##.#
####........#.#
########.#
##########.#


You could see an orc priest.

Vanquished Creatures
  Pikel (D:4)
  3 slaves (D:4)
  A phantom (D:4)
  A centaur (D:4)
  Blork the orc (D:5)
  A scorpion (D:5)
  A gnoll shaman (D:4)
  A centaur skeleton (D:4)
  A hound (D:4)
  2 orc wizards (D:3)
  2 bullfrog skeletons
  An iguana (D:4)
  2 worker ants (D:4)
  A hound skeleton (D:4)
  3 gnolls (D:4)
  6 adders
  2 adder skeletons
  A worm (D:4)
  2 dart slugs (D:1)
  A leopard gecko (D:2)
  10 orcs
  A ball python (D:4)
  9 bats
  4 giant cockroaches
  5 goblins
  4 hobgoblins
  9 jackals
  2 frilled lizards
  4 kobolds
  A leopard gecko skeleton (D:4)
  2 rats (D:1)
85 creatures vanquished.

Notes
Turn   | Place    | Note
-------+----------+-------------------------------------------
     0 | D:1      | CanOfBees the Ghoul Monk began the quest for the Orb.
     0 | D:1      | Reached XP level 1. HP: 19/19 MP: 0/0
   253 | D:1      | Reached XP level 2. HP: 26/26 MP: 1/1
  1128 | D:2      | Reached skill level 1 in Throwing
  1128 | D:2      | Reached XP level 3. HP: 20/31 MP: 2/2
  1867 | D:2      | Reached XP level 4. HP: 39/39 MP: 3/3
  1951 | D:2      | Found a glowing golden altar of the Shining One.
  2259 | D:3      | Found a bloodstained altar of Trog.
  2610 | D:3      | Found a shimmering blue altar of Sif Muna.
  2923 | D:3      | Reached XP level 5. HP: 18/45 MP: 4/4
  3335 | D:4      | Noticed a slave
  3338 | D:4      | Noticed Pikel
  3338 | D:4      | Noticed a slave
  3350 | D:4      | Noticed a slave
  3351 | D:4      | Noticed a slave
  3417 | D:4      | Killed a slave
  3435 | D:4      | Killed a slave
  3629 | D:4      | Killed a slave
  3692 | D:4      | Killed Pikel
  3692 | D:4      | Reached skill level 5 in Fighting
  3692 | D:4      | Reached skill level 5 in Unarmed Combat
  3692 | D:4      | Reached XP level 6. HP: 38/55 MP: 5/5
  3692 | D:4      | Reached XP level 7. HP: 41/60 MP: 6/6
  3784 | D:4      | Found a staircase to the Ecumenical Temple.
  3936 | Temple   | Entered the Ecumenical Temple
  4292 | D:4      | Reached skill level 1 in Armour
  4305 | D:4      | Reached XP level 8. HP: 57/70 MP: 7/7
  4825 | D:5      | Entered Level 5 of the Dungeon
  4825 | D:5      | Noticed Blork the orc
  5008 | D:5      | Killed Blork the orc
  5185 | D:5      | Noticed Menkaure
  5198 | D:5      | Noticed Ijyb
  5275 | D:4      | Killed from afar by an orc priest

Levels and vault maps discovered:
D:1:      dpeg_arrival_oval, layout_loops_ring, roderic_lattice_a,
          chequers_avenue
D:2:      layout_rooms, marbit_many_paths
D:3:      layout_rooms, lemuel_round_altar, led_sif_book
D:4:      layout_basic, minmay_temple_entry_tees, first_ration, uniq_pikel
D:5:      layout_cave_pools, uniq_blork_the_orc, uniq_menkaure, uniq_ijyb
Temple:   nicolae_temple_great_sept

Skill      XL: |  1  2  3  4  5  6  7  8 |
---------------+-------------------------+-----
Throwing       | 1 3 4 |  4.2
Dodging        | 3 4 |  4.4
Unarmed Combat | 4 5 6 |  6.3
Fighting       | 4 5 6 |  6.3
Armour         | 1 2 |  2.3
Stealth        | |  2.1

Action                   |  1- 3 |  4- 6 |  7- 9 || total
-------------------------+-------+-------+-------++-------
Melee: Unarmed           |   116 |   106 |   164 ||   386
       Punch             |     3 |     3 |     2 ||     8
Throw: Stone             |     7 |     4 |       ||    11
       Dart              |       |    41 |       ||    41
       Boomerang         |       |     4 |    13 ||    17
       Throwing net      |       |     1 |     1 ||     2
  Use: Scroll            |       |     4 |     4 ||     8
       Potion            |       |     3 |     1 ||     4
 Stab: Sleeping          |     3 |     3 |     4 ||    10
  Eat: Chunk             |     7 |     6 |    25 ||    38
Armor: Robe              |    24 |    41 |    25 ||    90
       Chain mail        |       |       |    56 ||    56
       Scale mail        |       |       |    15 ||    15
Dodge: Dodged            |    85 |    82 |   113 ||   280
       Deflected         |       |       |     6 ||     6

Table legend:
 A = Non-vault XP
 B = Vault XP
 C = Vault XP percentage of total XP
 D = Non-vault monster count
 E = Vault monster count
 F = Vault count percentage of total count
                 A         B        C        D         E       F
            +---------+---------+-------+---------+---------+-------
      Total |     891 |     822 |  48.0 |      77 |       5 |   6.1
            +---------+---------+-------+---------+---------+-------
        D:1 |      27 |       0 |   0.0 |      14 |       0 |   0.0
        D:2 |      83 |       2 |   2.4 |      19 |       1 |   5.0
        D:3 |       7 |      73 |  91.2 |       4 |       2 |  33.3
        D:4 |     639 |     651 |  50.5 |      30 |       1 |   3.2
        D:5 |     135 |      96 |  41.6 |      10 |       1 |   9.1
            +---------+---------+-------+---------+---------+-------
